 Dungeon Crawl Stone Soup version 0.17-a0-1497-g03599f7 (webtiles) character file.

210 mrath the Chucker (level 5, -8/49 HPs)
             Began as a Troll Hunter on July 6, 2015.
             Mangled by an ogre
             ... wielding a +0 giant club
              (14 damage)
             ... on level 4 of the Dungeon.
             The game lasted 00:30:09 (3317 turns).

mrath the Chucker (Troll Hunter)                    Turns: 3317, Time: 00:30:09

Health: -8/49      AC:  5    Str: 21    XL:     5   Next: 56%
Magic:  4/4        EV:  6    Int:  7    God:
Gold:   192        SH: 13    Dex: 10    Spells: 0 memorised, 4 levels left

rFire  . . .     SeeInvis .     c - +0 short sword
rCold  . . .     Clarity  .     d - +0 robe
rNeg   . . .     SustAt   .     m - +1 large shield
rPois  .         Gourm    +     (helmet restricted)
rElec  .         Spirit   .     (no cloak)
rCorr  .         Warding  .     (gloves unavailable)
rMut   .         Stasis   .     (boots unavailable)
MR     .....                    (no amulet)
Stlth  +.........               (no ring)
                                (no ring)

@: not resistant to hostile enchantments, very unstealthy
A: unfitting armour, claws 3, fast metabolism 3, gourmand, regeneration 2,
shaggy fur 1, tough skin 2
a: no special abilities


You were on level 4 of the Dungeon.
You were hungry.

You visited 1 branch of the dungeon, and saw 4 of its levels.

You collected 192 gold pieces.

Inventory:

Hand weapons
 c - a +0 short sword (weapon)
 i - a cursed +0 dagger
Missiles
 a - a large rock (quivered)
 b - 2 throwing nets
 k - 6 tomahawks
 n - 32 stones
 o - 4 steel javelins
 r - 9 poisoned needles
 t - 19 sling bullets
 v - 31 arrows
Armour
 d - a +0 robe (worn)
 j - a +2 robe of magic resistance
 m - a +1 large shield (worn)
Jewellery
 g - a cursed -2 ring of dexterity {unknown}
 l - an uncursed ring of ice {unknown}
 s - a cursed -5 ring of protection {unknown}
Scrolls
 p - a scroll of identify
Potions
 h - a potion of magic
Comestibles
 e - 2 bread rations


   Skills:
 + Level 2.2 Fighting
 + Level 1.2 Short Blades
 + Level 4.2 Throwing
 + Level 3.2 Dodging
 + Level 0.6 Stealth
 + Level 1.4 Shields


You had 4 spell levels left.
You didn't know any spells.

Dungeon Overview and Level Annotations

Branches:
Dungeon (4/15)
 Temple: D:4-7

Altars:
Ru

Portals:
Sewer: D:4


Innate Abilities, Weirdness & Mutations

You are too large for most types of armour.
You have claws for hands.
Your metabolism is lightning-fast.
You like to eat raw meat.
You heal very quickly.
You are covered in fur (AC +1).
You have very tough skin (AC +2).


Message History

The ogre is severely wounded.
The jackal bites you. You block the ogre's attack.
You block the jackal's attack.
You hit the ogre.
The ogre is almost dead.
You block the ogre's attack. You block the jackal's attack.
You hit the ogre.
The ogre is almost dead.
You block the jackal's attack. The ogre hits you with a giant club!!
Ouch! That really hurt!
The jackal bites you but does no damage.
Your shield prevents you from hitting the ogre.
The ogre is almost dead.
You block the jackal's attack. The ogre hits you with a giant club!
* * * LOW HITPOINT WARNING * * *
You hit the ogre but do no damage.
The ogre is almost dead.
You block the jackal's attack. x2
The ogre hits you with a giant club!
You die...

###### #@h..#
#∩≈≈≈†.O(...$.
#≈≈≈≈.)##(##.#
#≈≈≈...# ..
#≈(≈!..# #.#
#≈.....# #
.....##..
(.... ###


You could see an ogre and a jackal.

Vanquished Creatures
  The ghost of Eleanoora the Sneak, an average NaEn (D:3)
  An adder (D:4)
  2 worms
  3 giant geckos (D:1)
  3 giant cockroaches
  7 hobgoblins
  4 jackals
  A ball python (D:3)
  8 bats
  6 giant newts
  8 goblins
  3 kobolds
  10 rats
  2 plants (D:1)
59 creatures vanquished.

Notes
Turn   | Place    | Note
--------------------------------------------------------------
     0 | D:1      | mrath the Troll Hunter began the quest for the Orb.
     0 | D:1      | Reached XP level 1. HP: 19/19 MP: 0/0
   498 | D:1      | Reached XP level 2. HP: 27/27 MP: 1/1
   543 | D:1      | Reached skill level 4 in Throwing
  1486 | D:2      | Found a sacrificial altar of Ru.
  1526 | D:2      | Reached XP level 3. HP: 35/35 MP: 2/2
  2772 | D:3      | Noticed Eleanoora's ghost (average NaEn)
  2855 | D:3      | Killed Eleanoora's ghost
  2855 | D:3      | Reached skill level 1 in Short Blades
  2855 | D:3      | Reached skill level 1 in Shields
  2855 | D:3      | Reached XP level 4. HP: 8/42 MP: 3/3
  2855 | D:3      | Reached XP level 5. HP: 9/49 MP: 4/4
  3294 | D:4      | Found a glowing drain.
  3302 | D:4      | Noticed an ogre
  3317 | D:4      | Mangled by an ogre

Vault maps used:
D:1:      lightli_arrival_flooded_house, serial_forest, infiniplex_forest_end_3,
          infiniplex_forest_clump_long, infiniplex_forest_side_room,
          infiniplex_forest_end_1
D:2:      first_bread, nicolae_ru_awakened_eye
D:4:      portal_sewer_entry_b, eino_curves_03,
          grunt_dithmenos_smoke_and_mirrors, uniq_blork_the_orc

Action                   |  1- 3 |  4- 6 || total
-------------------------+-------+-------++-------
Melee: Short sword       |   411 |    22 ||   433
Throw: Large rock        |    19 |     5 ||    24
  Use: Scroll            |     4 |       ||     4
       Potion            |     4 |       ||     4
  Eat: Chunk             |    13 |       ||    13
       Bread ration      |     1 |     1 ||     2
       Meat ration       |     1 |       ||     1
       Beef jerky        |     1 |       ||     1
